 Dungeon Crawl Stone Soup version 0.25-a0-992-gca090100c3 (webtiles) character file.

Game seed: 13638286626482867017, levelgen mode: deterministic

188 Flugslaktarn the Chopper (level 5, 0/47 HPs)
             Began as a Minotaur Fighter on May 10, 2020.
             Succumbed to a scorpion's poison
             ... on level 4 of the Dungeon.
             The game lasted 00:00:45 (835 turns).

Flugslaktarn the Chopper (Minotaur Fighter)          Turns: 835, Time: 00:00:45

Health: 0/47       AC:  7    Str: 17 (20) XL:     5   Next: 39%
Magic:  4/4        EV:  7    Int:  3 (5)  God:
Gold:   89         SH:  9    Dex: 10 (11) Spells: 4/4 levels left

rFire    + . .     SeeInvis .   a - +0 war axe
rCold    + . .     Gourm    .   c - +0 kite shield
rNeg     . . .     Faith    .   b - +0 scale mail
rPois    +         Spirit   .   (helmet restricted)
rElec    +         Reflect  .   (no cloak)
rCorr    +         Harm     .   (no gloves)
MR       .....                  (no boots)
Stlth    ..........             (no amulet)
HPRegen  0.15/turn              (no ring)
MPRegen  0.09/turn              (no ring)

@: mighty, lethally poisoned (0 -> -2), resistant
A: retaliatory headbutt, horns 2
a: no special abilities


You were on level 4 of the Dungeon.
You were not hungry.

You visited 1 branch of the dungeon, and saw 4 of its levels.

You collected 89 gold pieces.

Inventory:

Hand Weapons
 a - a +0 war axe (weapon)
Armour
 b - a +0 scale mail (worn)
 c - a +0 kite shield (worn)
Scrolls
 g - 2 scrolls of identify {unknown}
 h - a scroll of remove curse {unknown}
 i - a scroll of fear {unknown}
 j - a scroll of noise {unknown}
 k - 3 scrolls of teleportation {unknown}
Comestibles
 e - 3 rations
 f - 3 chunks of flesh


   Skills:
 + Level 4.6 Fighting
 * Level 4.7 Axes
 + Level 4.5 Armour
 + Level 4.6 Shields


You had 4 spell levels left.
You didn't know any spells.
Your spell library was empty.

Dungeon Overview and Level Annotations

Branches:
Dungeon (4/15)
 Temple: D:4-7

Altars:


Innate Abilities, Weirdness & Mutations

You reflexively headbutt those who attack you in melee.
You have a pair of horns on your head.


Message History

You feel sick.
You closely miss the orc. Your headbutt misses the orc.
* * * LOW HITPOINT WARNING * * *
You feel sick. The orc barely misses you. The orc closely misses you.
You slash the orc!
You kill the orc!
* * * LOW HITPOINT WARNING * * *
You feel sick.
Things that are here:
an orc corpse; a scorpion corpse
There is a lethal amount of poison in your body!
There is a lethal amount of poison in your body!
There is a lethal amount of poison in your body!
There is a lethal amount of poison in your body!
* * * LOW HITPOINT WARNING * * *
You feel sick.
You see here a fizzy brown potion.
It was a potion of resistance.
You feel protected.
You die...

#####
######.@.###########
....#......†..$.....
.###.......$##.#.....
.......>.....##.# ###
......)<.....# ##
##.#..)).....#
##.#........#
#.#......#.#
#.#....#...


There were no monsters in sight!

Vanquished Creatures
  A scorpion (D:4)
  2 orc wizards (D:4)
  A worker ant (D:3)
  2 adders
  A worm (D:2)
  2 dart slugs (D:3)
  A leopard gecko (D:3)
  3 orcs (D:4)
  2 ball pythons
  2 giant cockroaches
  4 goblins
  8 jackals
  6 kobolds
  A bat (D:3)
  A rat (D:3)
37 creatures vanquished.

Notes
Turn   | Place    | Note
-------+----------+-------------------------------------------
     0 | D:1      | Flugslaktarn the Minotaur Fighter began the quest for the
                  | Orb.
     0 | D:1      | Reached XP level 1. HP: 19/19 MP: 0/0
   117 | D:1      | Reached XP level 2. HP: 23/27 MP: 1/1
   469 | D:2      | Reached XP level 3. HP: 33/33 MP: 2/2
   759 | D:3      | Reached XP level 4. HP: 38/40 MP: 3/3
   814 | D:4      | Reached XP level 5. HP: 25/47 MP: 4/4
   828 | D:4      | HP: 2/47 [poisoned by a scorpion]
   835 | D:4      | Succumbed to a scorpion's poison

Illustrated notes

Levels and vault maps discovered:
D:1:      erik_arrival_orb_chamber, layout_loops_ring, minmay_hedge_maze,
          kennysheep_doodads, nicolae_ashenzari_panopticon
D:2:      layout_rooms, old_standard_altar, minmay_tiny_reverse_x
D:3:      layout_loops_cross, first_ration
D:4:      layout_loops_ring, serial_shops, shop, biasface_ghost_orc_armoury,
          uniq_robin, uniq_grinder

Skill      XL: |  1  2  3  4 |
---------------+-------------+-----
Axes           | 3 4 |  4.7
Shields        | 4 |  4.6
Fighting       | 4 |  4.6
Armour         | 4 |  4.5

Action                   |  1- 3 |  4- 6 || total
-------------------------+-------+-------++-------
Melee: War axe           |    70 |    18 ||    88
       Headbutt          |    10 |     2 ||    12
  Use: Potion            |     2 |     3 ||     5
Armor: Scale mail        |    29 |     6 ||    35
Dodge: Dodged            |    18 |     5 ||    23
Block: Kite shield       |    44 |    13 ||    57

Table legend:
 A = Non-vault XP
 B = Vault XP
 C = Vault XP percentage of total XP
 D = Non-vault monster count
 E = Vault monster count
 F = Vault count percentage of total count
                 A         B        C        D         E       F
            +---------+---------+-------+---------+---------+-------
      Total |     269 |       0 |   0.0 |      37 |       0 |   0.0
            +---------+---------+-------+---------+---------+-------
        D:1 |      13 |       0 |   0.0 |       7 |       0 |   0.0
        D:2 |      30 |       0 |   0.0 |       9 |       0 |   0.0
        D:3 |      58 |       0 |   0.0 |      14 |       0 |   0.0
        D:4 |     168 |       0 |   0.0 |       7 |       0 |   0.0
            +---------+---------+-------+---------+---------+-------
